 Dungeon Crawl Stone Soup version 0.26.1-11-gd32895ea62 (webtiles) character file.

Game seed: 12078738622371010189

352 Zeld the Magician (level 6, 0/39 HPs)
             Began as an Octopode Warper on May 19, 2021.
             Killed from afar by Blork the orc (8 damage)
             ... with a puff of flame
             ... on level 4 of the Dungeon.
             The game lasted 00:06:16 (5586 turns).

Zeld the Magician (Octopode Warper)                 Turns: 5586, Time: 00:06:16

Health: 0/39       AC:  1    Str: 12    XL:     6   Next: 61%
Magic:  6/14       EV: 13    Int: 16    God:
Gold:   178        SH:  0    Dex: 11    Spells: 1/16 levels left

rFire    . . .     SeeInvis .     - Unarmed
rCold    . . .     Faith    .   (no shield)
rNeg     . . .     Spirit   .   (helmet restricted)
rPois    .         Reflect  .   (no amulet)
rElec    .         Harm     .   (no ring)
rCorr    .         Rampage  .   (no ring)
Will     .....                  (no ring)
Stlth    ++........             (no ring)
HPRegen  0.13/turn              (no ring)
MPRegen  0.14/turn              (no ring)
                                (no ring)
                                (no ring)

@: no status effects
A: almost no armour, stealthy swim, amphibious, 8 rings, constrict 8, camouflage
1, gelatinous body 1
a: no special abilities


You were on level 4 of the Dungeon.
You visited 1 branch of the dungeon, and saw 4 of its levels.

You collected 178 gold pieces.

Inventory:

Missiles
 a - 4 boomerangs
 c - 5 boomerangs of dispersal (quivered)
Scrolls
 b - a scroll of blinking
 d - a scroll of teleportation
 f - a scroll of remove curse
 g - a scroll of fear
 p - 2 scrolls of amnesia
 q - a scroll of noise {unknown}
Potions
 j - a potion of flight {unknown}
 k - a potion of berserk rage {unknown}
 m - 3 potions of heal wounds
 n - 2 potions of invisibility {unknown}
 o - a potion of magic {unknown}


   Skills:
 - Level 2.0 Fighting
 - Level 1.0 Throwing
 - Level 2.3 Dodging
 - Level 2.0 Unarmed Combat
 - Level 5.7 Spellcasting
 * Level 4.0 Translocations


You had one spell level left.
You knew the following spells:

 Your Spells              Type           Power        Failure   Level
a - Blink                 Tloc           N/A          4%          2
b - Gell's Gravitas       Tloc           8%           8%          3
c - Lesser Beckoning      Tloc           8%           8%          3
d - Teleport Other        Tloc           17%          8%          3
e - Passage of Golubria   Tloc           N/A          26%         4

Your spell library contained the following spells:

 Spells                   Type           Power        Failure   Level


Dungeon Overview and Level Annotations

Branches:
Dungeon (4/15)
 Temple: D:4-7

Altars:
Hepliaklqana

Annotations:
D:4 Blork the orc


Innate Abilities, Weirdness & Mutations

You cannot wear most types of armour.
You are very stealthy in the water. (Stealth+)
You are amphibious.
You can wear up to eight rings at the same time.
You can use your tentacles to constrict eight enemies at once.
Your skin changes colour to match your surroundings (Stealth+).
Your rubbery body absorbs attacks. (AC +1, EV +1)


Message History

Blork the orc screams, "I'm much stronger than you!"
Blork the orc casts a spell.
Blork the orc seems to speed up.
Blork the orc gestures at himself while chanting.
Blork the orc flickers and vanishes!
Deactivating autopickup; reactivate with Ctrl-A.
You see here a stone.
A puff of flame appears from out of thin air!
The puff of flame hits you! Something hits you!
Things that are here:
a +0 robe; a cursed +0 dagger Something hits you.
* * * LOW HITPOINT WARNING * * *
Casting: Gell's Gravitas (dangerous; 8% risk of failure)
Confirm with . or Enter, or press ? or * to list all spells.
You blink.
A puff of flame appears from out of thin air!
The puff of flame hits you!
You die...

#####
#<#.#####
#†#.....#
#)#.#.###
#)#.#.#
#.#.#)#
#@#.#.####
#.#......##
#.#...>.[.#
#.#......##
#§#......##
#.#.......#
#{#......###
#.#........#
#.####.#######


There were no monsters in sight!

Vanquished Creatures
  A scorpion (D:4)
  2 howler monkeys (D:4)
  A hound (D:4)
  An orc wizard (D:4)
  Jessica (D:2)
  Natasha (D:4)
  A gnoll (D:4)
  3 adders
  An ooze (D:2)
  A worm (D:2)
  A dart slug (D:3)
  A leopard gecko (D:4)
  5 orcs
  2 giant cockroaches
  3 hobgoblins
  11 jackals
  2 quokkas (D:3)
  13 bats
  4 frilled lizards
  3 goblins (D:2)
  6 kobolds
  11 rats
75 creatures vanquished.

Notes
Turn   | Place    | Note
-------+----------+-------------------------------------------
     0 | D:1      | Zeld the Octopode Warper began the quest for the Orb.
     0 | D:1      | Reached XP level 1. HP: 14/14 MP: 3/3
   262 | D:1      | Reached XP level 2. HP: 1/19 MP: 3/5
   266 | D:1      | Learned a level 2 spell: Blink
  1194 | D:2      | Reached skill level 3 in Spellcasting
  1202 | D:2      | Reached XP level 3. HP: 19/24 MP: 5/7
  1435 | D:2      | Learned a level 3 spell: Gell's Gravitas
  1439 | D:2      | Learned a level 3 spell: Lesser Beckoning
  1558 | D:2      | Found a hazy altar of Hepliaklqana.
  1835 | D:2      | Noticed Jessica
  1858 | D:2      | HP: 1/24 [Jessica/nerve-wracking pain (11)]
  2456 | D:2      | Killed Jessica
  2457 | D:2      | Reached skill level 4 in Spellcasting
  2457 | D:2      | Reached XP level 4. HP: 27/29 MP: 10/10
  2462 | D:2      | Learned a level 3 spell: Teleport Other
  4338 | D:4      | Reached XP level 5. HP: 13/34 MP: 12/12
  4954 | D:4      | Reached skill level 5 in Spellcasting
  5088 | D:4      | HP: 1/34 [poisoned by a scorpion]
  5107 | D:4      | Noticed Natasha
  5450 | D:4      | Killed Natasha
  5451 | D:4      | Reached XP level 6. HP: 29/39 MP: 14/14
  5456 | D:4      | Learned a level 4 spell: Passage of Golubria
  5561 | D:4      | Noticed Blork the orc
  5586 | D:4      | Killed from afar by Blork the orc

Illustrated notes

Levels and vault maps discovered:
D:1:      dpeg_arrival_solitude, layout_basic
D:2:      layout_rooms, nzn_hepliaklqana_mist_gate, grunt_ministairs_15,
          chequers_mini_garden, uniq_jessica
D:3:      layout_basic
D:4:      layout_basic, tso_altar, tgw_trog, uniq_natasha, uniq_blork_the_orc

Skill      XL: |  1  2  3  4  5  6 |
---------------+-------------------+-----
Spellcasting   | 3 4 5 |  5.7
Translocations | 4 |  4.0
Fighting       | |  2.0
Throwing       | |  1.0
Dodging        | |  2.3
Unarmed Combat | |  2.0

Action                   |  1- 3 |  4- 6 || total
-------------------------+-------+-------++-------
Melee: Unarmed           |    78 |   120 ||   198
       Constrict         |    26 |    35 ||    61
       Tentacles         |    14 |    26 ||    40
       Punch             |       |     1 ||     1
 Cast: Blink             |     3 |     5 ||     8
       Gell's Gravitas   |       |     5 ||     5
  Use: Scroll            |       |     5 ||     5
       Potion            |       |     3 ||     3
 Stab: Sleeping          |     4 |     3 ||     7
Armor: Skin              |    13 |    13 ||    26
Dodge: Dodged            |    55 |    74 ||   129
